 Dungeon Crawl Stone Soup version 0.30-b1-2-g02819fbbbe (webtiles) character file.

Game seed: 13630225296792319562

11288 Armakuni the Basher (level 12, -4/88 HPs)
             Began as a Human Cinder Acolyte on May 11, 2023.
             Was a High Priest of Ignis.
             Slain by a troll (11 damage)
             ... led by an orc knight
             ... on level 12 of the Dungeon on May 12, 2023.
             The game lasted 00:39:55 (11697 turns).

Armakuni the Basher (Human Cinder Acolyte)         Turns: 11697, Time: 00:39:55

Health: -4/88      AC: 12    Str: 17    XL:     12   Next: 5%
Magic:  15/15      EV: 11    Int: 17    God:    Ignis [*****.]
Gold:   501        SH:  0    Dex:  9    Spells: 8/15 levels left

rFire   + . .        a - +0 demon whip (venom)
rCold   . . .        (no shield)
rNeg    . . .        e - +0 swamp dragon scales
rPois   +            (no helmet)
rElec   .            (no cloak)
rCorr   .            y - +2 pair of gloves
SInv    +            u - +1 pair of boots
Will    .....        R - amulet of regeneration Stlth
                     N - ring of see invisible
HPRegen 1.14/turn    A - +4 ring of protection
MPRegen 0.14/turn

%: no passive effects
@: corroded
A: no striking features
a: Renounce Religion, Fiery Armour, Foxfire Swarm, Rising Flame


You were on level 12 of the Dungeon.
You worshipped Ignis.
Ignis was extremely pleased with you.
You visited 3 branches of the dungeon, and saw 14 of its levels.

You collected 501 gold pieces.

Inventory:

Hand Weapons
 a - a +0 demon whip of venom (weapon)
 b - the +8 war axe "Jemmoir" {flame, Will+ SInv}
   (You took it off an orc on level 9 of the Dungeon)

   SInv:      It lets you see invisible.
   Will:      It increases your willpower.
Missiles
 o - 13 boomerangs
Armour
 e - +0 swamp dragon scales (worn)
 m - a +0 scale mail
 q - a +0 plate armour
 r - a +0 ring mail
 u - a +1 pair of boots (worn)
 y - a +2 pair of gloves (worn)
Jewellery
 A - a +4 ring of protection (right hand)
 G - a ring of magical power
 I - a +6 ring of intelligence
 N - a ring of see invisible (left hand)
 P - a ring of magical power
 R - an amulet of regeneration (around neck)
 W - a ring of willpower
Wands
 k - a wand of digging (10)
 p - a wand of polymorph (8)
 v - a wand of flame (4)
 E - a wand of roots (4)
Scrolls
 c - a scroll of enchant armour
 j - 2 scrolls of amnesia
 n - a scroll of noise
 t - 2 scrolls of fog
 x - 2 scrolls of teleportation
Potions
 d - a potion of lignification
 f - a potion of mutation
 h - 6 potions of magic
 i - 2 potions of curing
 l - a potion of haste {unknown}
 s - a potion of cancellation
 w - a potion of ambrosia {unknown}
 B - a potion of flight {unknown}
 D - a potion of berserk rage {unknown}


   Skills:
 - Level 6.0 Fighting
 + Level 11.4(11.5) Maces & Flails
 - Level 2.7(7.8) Staves
 - Level 2.0 Armour
 - Level 2.0 Dodging
 - Level 2.2 Spellcasting
 - Level 10.0 Conjurations
 - Level 6.9 Transmutations
 - Level 5.0 Fire Magic
 - Level 0.5 Evocations


You had 8 spell levels left.
You knew the following spells:

 Your Spells              Type           Power      Damage    Failure   Level
i - Irradiate             Conj/Tmut      15%        3d16      28%         5
z - Scorch                Fire           36%        2d7       7%          2

Your spell library contained the following spells:

 Spells                   Type           Power      Damage    Failure   Level
 Inner Flame              Hex/Fire       10%        N/A       36%         3
 Cigotuvi's Dreadful Rot  Necr/Pois/Air  2%         N/A       45%         2
 Sublimation of Blood     Necr           1%         N/A       45%         2
 Petrify                  Tmut/Erth      13%        N/A       63%         4
 Yara's Violent Unravell  Hex/Tmut       6%         3d5       92%         5
 Dispel Undead            Necr           1%         3d6       98%         4
 Death Channel            Necr           0%         N/A       100%        6
 Enfeeble                 Hex            0%         N/A       100%        7


Dungeon Overview and Level Annotations

Branches:
Dungeon (12/15)            Temple (1/1) D:6            Lair (0/5) D:10
    Orc (1/2) D:12

Altars:
Ashenzari
Cheibriados
Dithmenos
Elyvilon
Fedhas
Gozag
Hepliaklqana
Kikubaaqudgha
Makhleb
Nemelex Xobeh
Okawaru
Qazlal
Ru
Sif Muna
Trog
Uskayaw
Vehumet
Wu Jian
Xom
Yredelemnul
Zin
The Shining One

Shops:
D:8 =   Orc:1 :

Portals:
Trove: D:10 (give horn of Geryon)

Annotations:
D:7 3 runed translucent doors, Clive's ghost, novice MiFi
D:11 Lodul


Message History

The orc knight misses you.
You climb upwards.
Welcome back to the Dungeon!
There is a staircase to the Orcish Mines here.
The orc knight attacks as you move away!
The orc knight hits you with a +0 great mace!!
The orc hits you but does no damage.
The orc knight roars a battlecry!
The orcs go into a battle-frenzy!
The orc warrior hits you with a +0 hand axe!
Things that are here:
a +0 plate armour; a +0 flail The orc warrior attacks as you move away!
The orc warrior hits you with a +0 hand axe.
The orc attacks as you move away! The orc closely misses you.
The brown ugly thing gurgles horribly!
The orc warrior hits you with a +0 hand axe!
A slime creature comes into view.
The orc warrior attacks as you move away!
The orc warrior hits you but does no damage. 2 slime creatures come into view.
The slime creature quivers. x3
The slime creature moves out of view.
You hit the brown ugly thing.
The brown ugly thing is poisoned.
The brown ugly thing is lightly wounded.
The brown ugly thing claws you!
* * * LOW HITPOINT WARNING * * *
The acid corrodes you!
You are splashed with acid!
* * * LOW HITPOINT WARNING * * *
The orc warrior barely misses you. The troll bites you!
* * * LOW HITPOINT WARNING * * *
The troll claws you.
* * * LOW HITPOINT WARNING * * *
The troll claws you but does no damage.
Okay, then.
You feel better. The brown ugly thing claws you.
* * * LOW HITPOINT WARNING * * *
You are splashed with acid!
* * * LOW HITPOINT WARNING * * *
The orc warrior misses you. The troll barely misses you. The troll claws you!
You die...

.... ... ...
.J #'## ..#
#u# ###@##
#.oT.#
#.oo.#
#.[..#
..#####>...#
#..........#
#######....#
#....#
#....#


You could see an orc knight, a brown ugly thing (very poisoned), a slime
creature, a troll, an orc warrior (strong) and an orc (strong).

Vanquished Creatures
  Erolcha (D:10)
  A boulder beetle (D:11)
  A two-headed ogre (D:9)
  Pikel (D:7)
  An orange demon (D:8)
  Maggie (D:6)
  2 trolls
  Prince Ribbit (D:5)
  A hornet (D:10)
  Sigmund (D:5)
  6 yaks (D:9)
  2 wyverns
  A steam dragon (D:10)
  2 acid dragons
  Duvessa (D:5)
  A water moccasin (D:7)
  3 ice beasts
  5 orc warriors
  3 black bears (D:10)
  9 ogres
  A phantom (D:4)
  3 centaurs
  2 lemures (D:7)
  6 bullfrogs
  A gnoll sergeant (D:5)
  2 scorpions (D:5)
  6 wights
  Dowan (D:5)
  12 killer bees
  3 howler monkeys (D:11)
  5 orc priests
  5 jellies
  A gnoll bouda (D:7)
  3 hounds
  3 sleepcaps
  3 iguanas
  Ijyb (D:5)
  11 orc wizards
  10 gnolls
  9 adders
  A white imp (D:6)
  11 worms
  A dart slug (D:1)
  38 orcs
  5 endoplasms
  4 giant cockroaches
  6 goblins
  8 hobgoblins
  7 quokkas
  4 ball pythons
  6 bats
  4 frilled lizards
  7 kobolds
  6 rats
240 creatures vanquished.

Vanquished Creatures (collateral kills)
  Amaemon (D:8)
  2 yaks (D:9)
  An acid dragon (D:9)
4 creatures vanquished.

Vanquished Creatures (others)
  2 orc wizards (D:9)
  3 plants (D:10)
5 creatures vanquished.

Grand Total: 249 creatures vanquished

Notes
Turn   | Place    | Note
-------+----------+-------------------------------------------
     0 | D:1      | Armakuni the Human Cinder Acolyte began the quest for the
                  | Orb.
     0 | D:1      | Reached XP level 1. HP: 18/18 MP: 2/2
   171 | D:1      | Reached XP level 2. HP: 21/24 MP: 3/3
   191 | D:1      | Learned a level 2 spell: Scorch
   779 | D:2      | Reached XP level 3. HP: 22/30 MP: 0/4
  1061 | D:2      | Reached XP level 4. HP: 32/37 MP: 0/5
  1707 | D:2      | Reached XP level 5. HP: 43/43 MP: 3/6
  2332 | D:3      | Reached skill level 5 in Fighting
  2347 | D:3      | Reached XP level 6. HP: 50/51 MP: 7/7
  2836 | D:4      | Learned a level 5 spell: Irradiate
  2876 | D:4      | Noticed an ogre
  2883 | D:4      | Killed an ogre
  2884 | D:4      | Reached skill level 5 in Fire Magic
  3000 | D:4      | Found a bloodstained altar of Trog.
  3000 | D:4      | Found a blossoming altar of Fedhas.
  3005 | D:4      | Found a sparkling altar of Nemelex Xobeh.
  3007 | D:4      | Found a faded altar of an unknown god.
  3009 | D:4      | Found an ornate altar of the Wu Jian Council.
  3197 | D:4      | Reached XP level 7. HP: 58/58 MP: 5/8
  3421 | D:4      | Reached skill level 1 in Armour
  3421 | D:4      | Reached skill level 1 in Dodging
  3687 | D:5      | Entered Level 5 of the Dungeon
  3934 | D:5      | Reached XP level 8. HP: 64/64 MP: 2/11
  4459 | D:5      | Reached skill level 5 in Conjurations
  4699 | D:5      | Noticed Sigmund
  4705 | D:5      | Killed Sigmund
  4973 | D:5      | Noticed Duvessa
  4973 | D:5      | Noticed Dowan
  4995 | D:5      | Killed Duvessa
  4996 | D:5      | Reached XP level 9. HP: 65/69 MP: 1/12
  5001 | D:5      | Killed Dowan
  5124 | D:5      | Noticed Ijyb
  5149 | D:5      | Killed Ijyb
  5378 | D:5      | Noticed Prince Ribbit
  5384 | D:5      | Killed Prince Ribbit
  5873 | D:6      | Found a staircase to the Ecumenical Temple.
  5874 | D:6      | Noticed Maggie
  5885 | D:6      | Killed Maggie
  5913 | Temple   | Entered the Ecumenical Temple
  6729 | D:6      | Reached skill level 10 in Conjurations
  6814 | D:6      | Reached skill level 1 in Transmutations
  7290 | D:7      | Reached XP level 10. HP: 76/76 MP: 8/13
  7576 | D:7      | Identified a scroll of acquirement
  7576 | D:7      | Acquired the +4 quarterstaff of Dissatisfaction {elec,
                  | Str+5 SInv}
  7676 | D:7      | Noticed Clive's ghost (novice MiFi)
  7835 | D:7      | Found a runed translucent gate.
  7835 | D:7      | Found a runed translucent gate.
  7835 | D:7      | Found a runed translucent gate.
  8062 | D:7      | Reached skill level 1 in Staves
  8250 | D:8      | Found Plog's Jewellery Boutique.
  8621 | D:8      | Noticed Pikel
  8734 | D:7      | Reached skill level 5 in Transmutations
  8763 | D:7      | Killed Pikel
  8764 | D:7      | Reached skill level 4 in Maces & Flails
  8988 | D:8      | Reached skill level 5 in Maces & Flails
  9033 | D:8      | Noticed an orange demon
  9033 | D:8      | Noticed Amaemon
  9053 | D:8      | Killed Amaemon
  9055 | D:8      | Killed an orange demon
  9056 | D:8      | Reached XP level 11. HP: 56/81 MP: 14/14
  9163 | D:9      | Reached skill level 6 in Maces & Flails
  9228 | D:9      | Reached skill level 7 in Maces & Flails
  9372 | D:9      | Reached skill level 8 in Maces & Flails
  9499 | D:9      | Identified the +8 war axe "Jemmoir" {flame, Will+ SInv}
  9770 | D:9      | Noticed a two-headed ogre
  9782 | D:9      | Killed a two-headed ogre
  9783 | D:9      | Reached skill level 9 in Maces & Flails
  9989 | D:10     | Entered Level 10 of the Dungeon
 10242 | D:10     | Noticed Erolcha
 10245 | D:10     | Found a portal to a secret trove of treasure.
 10253 | D:10     | Killed Erolcha
 10349 | D:10     | Found a basalt altar of Yredelemnul.
 10354 | D:10     | Found a radiant altar of Vehumet.
 10363 | D:10     | Reached skill level 10 in Maces & Flails
 10415 | D:10     | Found a staircase to the Lair.
 10931 | D:11     | Noticed a boulder beetle
 10945 | D:11     | Killed a boulder beetle
 11051 | D:11     | Noticed Lodul
 11063 | D:11     | Reached skill level 11 in Maces & Flails
 11082 | D:10     | Reached XP level 12. HP: 53/88 MP: 15/15
 11623 | D:12     | Found a staircase to the Orcish Mines.
 11631 | Orc:1    | Entered Level 1 of the Orcish Mines
 11631 | Orc:1    | Found Zomoppaq's Book Shop.
 11696 | D:12     | HP: 4/88 [troll[an orc knight] (5)]
 11697 | D:12     | Slain by a troll

Illustrated notes

Levels and vault maps discovered:
D:1:      dpeg_arrival_houses_and_road, layout_basic, wad_floor_pattern_2,
          minmay_misc_feat_tower
D:2:      wander_river, layout_loops_ring
D:3:      layout_loops_ring
D:4:      layout_loops_ring, chequers_temple_overflow_minitemple,
          cheibrodos_sewer_entry_bend
D:5:      dreamdust_elfheim, layout_loops_ring, minmay_crystal_water,
          chequers_mini_garden, uniq_prince_ribbit1, uniq_sigmund, uniq_ijyb
D:6:      layout_basic, minmay_temple_entry_purple_smoke, minivault_23,
          uniq_maggie
D:7:      layout_loops_ring, gammafunk_ghost_icy
D:8:      kennysheep_ambush_hall, layout_basic, serial_shops,
          nicolae_shop_getting_attention, nrook_campfire, uniq_pikel,
          uniq_amaemon
D:9:      layout_loops_ring, minmay_strange_pillars, hangedman_decor_riveting
D:10:     layout_roguey, minitemple, grunt_lair_entry_orc_guard_hut,
          enter_trove_1, nicolae_figureground_pulse, uniq_erolcha
D:11:     layout_roguey, uniq_harold, uniq_lodul
D:12:     layout_roguey, orc_0_dummy, nrook_mini_vaults,
          hangedman_corner_corridor
Temple:   minmay_temple_bridge_d
Orc:1:    layout_caves, nicolae_volcano_entry_vermiform, serial_shops, shop,
          shop, nicolae_shop_behind_doors, nicolae_shop_pleasant_corner_grove,
          shop, abandoned_shop, nicolae_orc_lava_room

Skill      XL: |  1  2  3  4  5  6  7  8  9 10 11 |
---------------+----------------------------------+-----
Fighting       | 4 5 6 |  6.0
Fire Magic     | 4 5 |  5.0
Armour         | 2 |  2.0
Dodging        | 2 |  2.0
Spellcasting   | 2 |  2.2
Conjurations   | 2 7 10 | 10.0
Transmutations | 2 6 |  6.9
Staves         | 2 |  2.7
Maces & Flails | 5 11 | 11.4
Evocations     | |  0.5

Action                     |  1- 3 |  4- 6 |  7- 9 | 10-12 || total
---------------------------+-------+-------+-------+-------++-------
  Melee: Mace              |    91 |   225 |   136 |    18 ||   470
         Punch             |       |       |     2 |     5 ||     7
         Dire flail        |       |       |       |    89 ||    89
         Quarterstaff      |       |       |       |    62 ||    62
         Demon whip        |       |       |       |   320 ||   320
   Fire: Shortbow          |       |       |     4 |       ||     4
   Cast: Scorch            |    10 |    17 |   124 |    23 ||   174
  Evoke: Wand              |       |       |       |    12 ||    12
    Use: Potion            |     1 |     1 |     2 |     7 ||    11
         Scroll            |       |     5 |     7 |    14 ||    26
   Stab: Sleeping          |       |     1 |       |       ||     1
         Invisible         |       |       |       |     5 ||     5
 Armour: Robe              |    26 |   111 |    65 |     6 ||   208
         Swamp dragon scal |       |       |       |   287 ||   287
  Dodge: Dodged            |    71 |   129 |   126 |   276 ||   602
